Map: Kairos Junction LE

Players

AqueroN

  • Race: Terran Terran
  • League: Grandmaster
  • Spawn Location: 5:00

Lambo - Winner!

  • Race: Zerg Zerg
  • League: Master
  • Spawn Location: 11:00

VOD

Have the link to the VOD?

Description

Time

  • Played on: Jan. 12, 2019, 7:50 a.m.
  • Length: 8:43
Show
View Real Time Build Order
Export as new Build Order

AqueroN Terran 

Build Orders: Reaper Expand 

Get SALT Encoding   

  12  0:00  SCV  
  13  0:12  SCV  
  14  0:16  Supply Depot  
  14  0:25  SCV  
  15  0:38  SCV  
  15  0:42  Barracks  
  16  0:46  Refinery  
  16  0:50  SCV  
  17  1:02  SCV  
  18  1:14  SCV  
  19  1:29  Orbital Command  
  19  1:30  Reaper  
  20  1:40  Command Center  
  20  1:50  Barracks  
  20  1:55  SCV  
  21  2:02  Supply Depot  
  21  2:04  Barracks Reactor  
  21  2:07  SCV  
  22  2:12  Refinery  
  22  2:19  SCV  
  23  2:28  Factory  
  23  2:31  SCV  
  24  2:40  Barracks Tech Lab  
  24  2:43  Marine x2, SCV  
  27  2:52  Orbital Command  
  27  2:56  SCV  
  28  2:59  Marine  
  28  3:00  Marine  
  28  3:01  Marine  
  31  3:08  SCV  
  31  3:09  Stimpack  
  32  3:17  Marine  
  32  3:18  Marine  
  34  3:20  Starport  
  34  3:22  SCV  
  34  3:23  SCV  
  36  3:27  Factory Reactor  
  36  3:30  Marine  
  37  3:35  Marine  
  37  3:36  Marine  
  37  3:40  SCV x2  
  41  3:47  Supply Depot  
  41  3:48  Marine  
  41  3:53  Marine  
  41  3:54  Marine  
  43  4:00  SCV x2  
  45  4:04  Supply Depot  
  45  4:06  Marine  
  46  4:10  Marine, Medivac x2  
  46  4:12  Marine  
  46  4:15  SCV, Supply Depot  
  46  4:16  SCV  
  54  4:21  Factory Tech Lab  
  54  4:25  Marine  
  54  4:27  SCV, Engineering Bay  
  54  4:28  SCV  
  54  4:30  Engineering Bay  
  57  4:32  Marine  
  57  4:34  Marine  
  57  4:37  Supply Depot  
  59  4:47  Marine  
  59  4:48  Barracks  
  59  4:50  Marine  
  59  4:51  Siege Tank  
  59  4:52  Marine  
  65  4:53  SCV  
  65  4:57  Terran Infantry Weapons Level 1  
  66  5:04  SCV  
  66  5:06  Refinery, Terran Infantry Armor Level 1  
  67  5:07  Marine  
  67  5:08  Marine  
  67  5:09  Marine  
  55  5:21  SCV x2  
  55  5:24  Marine  
  55  5:26  Marine  
  55  5:27  Marine  
  55  5:28  Siege Tank  
  62  5:36  Marine x2, Supply Depot  
  62  5:40  Combat Shield, SCV x2  
  62  5:42  Marine  
  66  5:44  Marine, Refinery  
  66  5:45  Marine  
  69  5:51  Supply Depot  
  69  5:53  Marine, Medivac  
  69  5:54  Marine  
  73  6:00  Marine  
  73  6:02  Marine  
  73  6:03  Marine  
  76  6:06  SCV x2  
  78  6:11  Marine x2  
  78  6:13  Siege Tank  
  78  6:18  Marine, SCV x2  
  83  6:19  Marine  
  83  6:22  Command Center  
  87  6:27  Starport Reactor  
  87  6:29  Marine x2  
  87  6:30  SCV  
  87  6:31  SCV  
  91  6:39  Marine x3  
  93  6:47  Marine  
  93  6:51  Marine  
  90  6:56  Marine x2  
  90  6:57  Marine  
  90  6:59  SCV x2  
  90  7:01  Siege Tank  
  83  7:04  Marine, Medivac x2  
  83  7:05  Armory  
  88  7:09  Marine  
  88  7:14  Marine x2  
  91  7:15  Marine  
  91  7:16  Supply Depot  
  91  7:17  Supply Depot  
  91  7:21  SCV x2  
  94  7:31  Supply Depot  
  94  7:32  Supply Depot  
  94  7:33  Marine x5, Supply Depot  
  99  7:43  Siege Tank  
  99  7:51  Marine x5  
  100  8:03  Medivac x2  
  100  8:04  SCV x2  
  100  8:05  Orbital Command  
  106  8:09  Marine x2  
  107  8:13  Marine x2  
  107  8:16  SCV x2  
  114  8:25  Marine  
  117  8:28  SCV  
Show
View Real Time Build Order
Export as new Build Order

Lambo Zerg - Winner!

Build Orders: Hatch First 

Get SALT Encoding   

  12  0:00  Drone  
  13  0:12  Overlord  
  13  0:16  Drone  
  14  0:31  Drone x2  
  16  0:48  Hatchery  
  15  0:51  Drone  
  15  0:54  Drone  
  17  0:58  Drone  
  18  1:09  Extractor  
  17  1:13  Spawning Pool  
  16  1:18  Drone  
  16  1:20  Drone  
  18  1:28  Drone  
  19  1:39  Drone  
  20  1:49  Overlord  
  20  2:00  Queen x2, Zergling x4  
  26  2:10  Drone, Metabolic Boost  
  26  2:11  Drone  
  28  2:23  Drone  
  29  2:31  Drone  
  30  2:39  Hatchery  
  30  2:40  Drone  
  30  2:45  Drone  
  30  2:48  Pneumatized Carapace  
  32  2:51  Drone  
  32  2:55  Overlord  
  32  2:59  Drone  
  32  3:02  Drone  
  34  3:06  Drone  
  34  3:10  Drone  
  36  3:15  Overlord, Drone  
  36  3:17  Drone x2  
  39  3:21  Queen  
  39  3:25  Overlord  
  41  3:28  Drone  
  42  3:37  Drone x2  
  42  3:40  Drone  
  45  3:45  Zergling x4  
  47  3:49  Zergling x4  
  47  3:51  Drone  
  47  3:54  Evolution Chamber  
  49  3:56  Queen  
  49  3:57  Drone  
  49  3:59  Queen  
  49  4:02  Drone  
  55  4:03  Queen  
  55  4:05  Drone  
  58  4:14  Overlord  
  58  4:20  Zerg Ground Armor Level 1  
  58  4:22  Overlord  
  58  4:26  Overlord  
  58  4:33  Queen  
  58  4:35  Drone x6  
  66  4:40  Queen  
  66  4:43  Zergling x8  
  72  4:48  Zergling x8  
  72  4:52  Lair  
  76  4:55  Overlord  
  76  4:57  Drone x2  
  78  5:00  Drone  
  78  5:04  Overlord  
  78  5:05  Overlord  
  78  5:06  Overlord  
  74  5:16  Drone x7  
  81  5:23  Extractor  
  81  5:25  Extractor, Drone x4  
  81  5:26  Baneling Nest  
  81  5:28  Evolution Chamber, Drone  
  82  5:31  Drone  
  82  5:32  Drone  
  85  5:35  Drone x2  
  85  5:38  Drone  
  85  5:39  Extractor  
  86  5:44  Hatchery  
  86  5:47  Zergling x8  
  89  5:53  Zergling x8  
  89  5:54  Zerg Melee Weapons Level 1  
  89  5:55  Zergling x4  
  95  5:58  Overlord  
  95  6:03  Zergling x4  
  97  6:04  Queen  
  97  6:05  Overlord  
  97  6:10  Overlord x2  
  99  6:12  Centrifical Hooks  
  99  6:18  Zergling x8  
  103  6:20  Baneling x4  
  103  6:25  Zergling x10  
  108  6:27  Overlord  
  108  6:28  Zergling x2  
  108  6:29  Baneling x2  
  108  6:31  Overlord  
  109  6:34  Zergling x6  
  109  6:36  Baneling  
  109  6:39  Zergling x6  
  114  6:43  Overlord  
  114  6:46  Zergling x2  
  115  6:53  Zergling x2  
  115  6:54  Zergling x2  
  105  7:02  Drone x2  
  105  7:03  Drone x3  
  105  7:04  Hydralisk Den  
  105  7:05  Extractor  
  108  7:11  Drone x3  
  111  7:18  Drone  
  112  7:24  Drone x3  
  112  7:25  Overlord  
  115  7:35  Hydralisk  
  115  7:36  Hydralisk x8  
  133  7:38  Overlord  
  133  7:39  Hatchery  
  133  7:42  Overlord  
  128  7:46  Hydralisk x2  
  128  7:47  Zergling x6  
  135  7:52  Zergling x6  
  138  8:02  Overlord  
  138  8:03  Overlord  
  138  8:04  Baneling x9  
  137  8:06  Zergling x10  
  141  8:16  Zergling x20  
  151  8:22  Baneling  
  151  8:23  Baneling x5  
  150  8:27  Drone x6  
Tags
 
Add a new tag
Caveats
  • Supply blocks, unpowered buildings, or Contaminate may cause inaccurate times.
  • Supply counts are checked every 10 seconds.